 Dungeon Crawl Stone Soup version 0.16-a0-3369-g3e5b539 (webtiles) character file.

18407 Fiveotanaka the Grappler (level 12, -1/109 HPs)
             Began as a Troll Monk on Dec 29, 2014.
             Was the Champion of Cheibriados.
             Slain by a 11-headed hydra (14 damage)
             ... on level 5 of the Lair of Beasts.
             The game lasted 00:55:33 (12631 turns).

Fiveotanaka the Grappler (Troll Monk)              Turns: 12631, Time: 00:55:33

Health: -1/109     AC:  8    Str: 37    XL:     12   Next: 27%
Magic:  18/18      EV: 20    Int: 21    God:    Cheibriados [******]
Gold:   884        SH:  0    Dex: 31    Spells: 1 memorised, 9 levels left

rFire  + . .     SeeInvis .       - Unarmed
rCold  + . .     Clarity  .     S - +2 robe {Archmagi}
rNeg   . . .     SustAb   .     (shield restricted)
rPois  .         Gourm    +     (helmet restricted)
rElec  .         Spirit   .     R - +0 cloak {MR+}
rCorr  .         Warding  .     (gloves unavailable)
rMut   +         Stasis   .     (boots unavailable)
MR     +....                    k - amulet of resist mutation
Stlth  +++.......               A - ring of protection from cold
                                T - ring of protection from fire

@: repel missiles, very slow, somewhat resistant to hostile enchantments, fairly
stealthy
A: unfitting armour, claws 3, fast metabolism 3, gourmand, regeneration 2,
shaggy fur 1, tough skin 2
a: Bend Time, Temporal Distortion, Slouch, Step From Time, Renounce Religion


You were on level 5 of the Lair of Beasts.
You worshipped Cheibriados.
Cheibriados was exalted by your worship.
You were very full.

You visited 3 branches of the dungeon, and saw 15 of its levels.

You collected 884 gold pieces.

Inventory:

Missiles
 e - 301 stones (quivered)
 j - 74 poisoned needles
 v - 3 needles of sleeping
 B - a throwing net
Armour
 R - a +0 cloak of magic resistance (worn)
 S - a +2 robe of the Archmagi (worn)
Jewellery
 k - an amulet of resist mutation (around neck)
 A - a ring of protection from cold (right claw)
 L - a +4 ring of intelligence
 T - a ring of protection from fire (left claw)
 U - an uncursed amulet of resist corrosion
Magical devices
 y - a wand of polymorph (14)
 D - a wand of fireball (3)
 K - a wand of cold (7)
 P - a wand of digging (14)
 W - a wand of draining (7)
Scrolls
 f - 7 scrolls of remove curse
 l - 2 scrolls of identify
 m - 2 scrolls of recharging
 p - 4 scrolls of blinking
 s - 4 scrolls of fear
 t - a scroll of random uselessness {unknown}
 u - 5 scrolls of teleportation
 x - 2 scrolls of magic mapping {unknown}
 E - a scroll of noise {unknown}
 G - 2 scrolls of enchant weapon
 H - a scroll of holy word {unknown}
 M - a scroll of acquirement {unknown}
 N - a scroll of vulnerability {unknown}
 Q - 2 scrolls of enchant armour {unknown}
 Y - 2 scrolls of fog {unknown}
Potions
 d - a potion of brilliance {unknown}
 g - a potion of agility {unknown}
 i - a potion of flight {unknown}
 n - 2 potions of might
 o - 5 potions of curing
 r - a potion of cure mutation {unknown}
 w - 5 potions of heal wounds
 z - 3 potions of invisibility {unknown}
 C - a potion of cancellation {unknown}
 I - 2 potions of restore abilities {unknown}
 O - 3 potions of lignification {unknown}
 V - 2 potions of poison {unknown}
Books
 J - a book of Air

   Spells                             Type                      Level
   a - Shock                          Conjuration/Air              1
   b - Swiftness                      Charms/Air                   2
   c - Repel Missiles                 Charms/Air                   2
   d - Flight                         Charms/Air                   3
   e - Static Discharge               Conjuration/Air              3
   f - Lightning Bolt                 Conjuration/Air              5
 X - a book of Enchantments

   Spells                             Type                      Level
   a - Tukima's Dance                 Hexes                        3
   b - Cause Fear                     Hexes                        4
   c - Silence                        Hexes/Air                    5
   d - Deflect Missiles               Charms/Air                   6
   e - Haste                          Charms                       6
   f - Discord                        Hexes                        8
Miscellaneous
 c - a lamp of fire
 Z - a disc of storms
Comestibles
 a - 12 chunks of flesh
 b - 7 meat rations
 h - 60 fruits
 q - 6 bread rations
 F - 3 slices of pizza


   Skills:
 + Level 4.6 Fighting
 - Level 5.4 Throwing
 - Level 9.0 Dodging
 - Level 1.1 Stealth
 - Level 14.0 Unarmed Combat
 - Level 7.0 Invocations


You had 9 spell levels left.
You knew the following spells:

 Your Spells              Type           Power        Failure   Level  Hunger
a - Repel Missiles        Chrm/Air       #.....       28%         2    ###....


Dungeon Overview and Level Annotations

Branches:
Dungeon (9/15)             Temple (1/1) D:4            Lair (5/8) D:8
  Swamp (0/5) Lair:4
  Snake: Lair:3-6    Spider: Lair:3-6       Orc: D:9-12

Altars:
Ashenzari
Cheibriados
Dithmenos
Elyvilon
Fedhas
Gozag
Makhleb
Nemelex Xobeh
Okawaru
Qazlal
Ru
Sif Muna
Trog
Vehumet
Yredelemnul
Zin


Innate Abilities, Weirdness & Mutations

You are too large for most types of armour.
You have claws for hands.
Your metabolism is lightning-fast.
You like to eat raw meat.
You heal very quickly.
You are covered in fur (AC +1).
You have very tough skin (AC +2).


Message History

The ten-headed hydra barely misses you. The ten-headed hydra bites you.
The ten-headed hydra misses you. x2
The ten-headed hydra bites you. The ten-headed hydra barely misses you.
The ten-headed hydra bites you.
You claw one of the ten-headed hydra's heads off!
The nine-headed hydra grows two more!
You claw the 11-headed hydra!
The 11-headed hydra is severely wounded.
The 11-headed hydra bites you! The 11-headed hydra misses you.
The 11-headed hydra completely misses you.
The 11-headed hydra bites you.
* * * LOW HITPOINT WARNING * * *
The 11-headed hydra misses you.
The 11-headed hydra completely misses you.
The 11-headed hydra bites you!
* * * LOW HITPOINT WARNING * * *
The 11-headed hydra barely misses you. The 11-headed hydra bites you!
* * * LOW HITPOINT WARNING * * *
The 11-headed hydra bites you but does no damage.
The 11-headed hydra bites you!
You die...

....#P..... P..............
.P...............
P.P................
.P.P...........[.....
PPPP.P................. .
..P................... ..
PPP.P.P................##.PP
P...P.P#...+#...@D..P...#....
PPPPPPP##.#...............PP..
............P.......#....... .
...#...#....#.P.....#.F...#...
...#....#....P......##F........
.......##...P.......##<........
........#...........##PP..##...
.#P.....#PP.../......##PD.P#
#................... .......


You could see a 11-headed hydra (bleeding).

Vanquished Creatures
  The ghost of Fiveotanaka the Zephyrmancer, a powerful DrAE of Vehumet (Lair:4)
  Erica (Lair:2)
  An elephant (D:8)
  A griffon (Lair:3)
  A faun (Lair:2)
  Maurice (D:8)
  6 spiny frogs
  The ghost of chequers the Cudgeler, an experienced DsBe of Trog (D:6)
  Psyche (Lair:2)
  4 komodo dragons
  A polar bear (Lair:2)
  3 blink frogs (Lair:2)
  7 humans (Lair:2)
  A basilisk (Lair:4)
  2 wyverns
  The ghost of binmo the Slasher, an average DsGl (D:3)
  3 hippogriffs
  11 yaks
  The ghost of Fiveotanaka the Gusty, an average DrAE (D:4)
  4 wolves
  10 water moccasins
  5 orc warriors
  An ice beast (D:6)
  An eye of draining (D:9)
  4 porcupines
  3 black bears
  3 centaurs (D:8)
  An ogre (D:5)
  A boring beetle (Lair:4)
  10 crocodiles
  A big kobold (D:9)
  14 giant frogs
  3 scorpions
  2 killer bees
  9 wights
  2 electric eels
  4 goliath beetles
  3 crimson imps
  2 jellies
  4 orc priests
  Crazy Yiuf (D:6)
  2 giant frog skeletons
  10 orc wizards
  A centaur skeleton (D:5)
  3 gnoll shamans
  4 hounds
  Natasha (D:4)
  12 iguanas
  6 worker ants
  4 sheep (Lair:2)
  A mummy (D:9)
  A worker ant zombie (D:7)
  A hound skeleton (D:7)
  37 gnolls
  18 adders
  25 river rats
  A giant mite (D:7)
  2 worms (D:2)
  An adder zombie (D:9)
  2 adder skeletons
  5 giant geckos
  36 orcs
  5 ball pythons
  16 bats
  A bat skeleton (D:6)
  A bat zombie (D:6)
  8 giant cockroaches
  9 hobgoblins
  42 jackals
  10 kobolds
  10 quokkas
  A giant gecko skeleton (D:6)
  4 giant newts
  9 goblins
  8 rats
  2 butterflies (Lair:3)
435 creatures vanquished.

Vanquished Creatures (others)
  4 fungi
  5 toadstools (D:1)
9 creatures vanquished.

Grand Total: 444 creatures vanquished

Notes
Turn   | Place    | Note
--------------------------------------------------------------
     0 | D:1      | Fiveotanaka, the Troll Monk, began the quest for the Orb.
     0 | D:1      | Reached XP level 1. HP: 22/22 MP: 1/1
   256 | D:1      | Reached XP level 2. HP: 29/29 MP: 1/1
   787 | D:2      | Reached skill level 5 in Unarmed Combat
   787 | D:2      | Reached XP level 3. HP: 26/36 MP: 2/2
  1191 | D:3      | Noticed binmo's ghost (average DsGl)
  1331 | D:3      | Killed binmo's ghost
  1331 | D:3      | Reached skill level 6 in Unarmed Combat
  1331 | D:3      | Reached XP level 4. HP: 8/44 MP: 2/2
  1331 | D:3      | Reached XP level 5. HP: 9/50 MP: 2/2
  1437 | D:3      | Found a burning altar of Makhleb.
  1437 | D:3      | Found a glowing silver altar of Zin.
  1438 | D:3      | Noticed an angel
  1438 | D:3      | Noticed a green death
  1637 | D:3      | Reached skill level 7 in Unarmed Combat
  1915 | D:4      | Reached XP level 6. HP: 56/59 MP: 3/3
  1963 | D:4      | Found a staircase to the Ecumenical Temple.
  1964 | D:4      | Noticed Fiveotanaka's ghost (average DrAE)
  1972 | D:4      | Killed Fiveotanaka's ghost
  1972 | D:4      | Reached skill level 8 in Unarmed Combat
  1986 | Temple   | Entered the Ecumenical Temple
  2015 | Temple   | Became a worshipper of Cheibriados the Contemplative
  2141 | D:4      | Noticed Natasha
  2146 | D:4      | Killed Natasha
  2302 | D:4      | Reached XP level 7. HP: 66/66 MP: 3/3
  2481 | D:5      | Entered Level 5 of the Dungeon
  2719 | D:5      | Reached skill level 9 in Unarmed Combat
  2726 | D:5      | HP: 2/66 [gnoll/spear (9)]
  2733 | D:5      | Acquired Cheibriados' first power
  3110 | D:5      | Reached skill level 1 in Invocations
  3167 | D:5      | Found a deep blue altar of Sif Muna.
  3182 | D:5      | Found a shattered altar of Ashenzari.
  3187 | D:5      | Found a basalt altar of Yredelemnul.
  3194 | D:5      | Found an opulent altar of Gozag.
  3199 | D:5      | Found a radiant altar of Vehumet.
  3210 | D:5      | Found a blossoming altar of Fedhas.
  3221 | D:5      | Found a sacrificial altar of Ru.
  3555 | D:5      | Acquired Cheibriados' second power
  3622 | D:5      | Reached skill level 1 in Throwing
  3771 | D:5      | Reached XP level 8. HP: 48/74 MP: 5/5
  4277 | D:6      | Acquired Cheibriados' third power
  4277 | D:6      | Reached skill level 10 in Unarmed Combat
  4500 | D:6      | Noticed Crazy Yiuf
  4507 | D:6      | Killed Crazy Yiuf
  4677 | D:6      | Reached skill level 11 in Unarmed Combat
  4886 | D:6      | Noticed chequers' ghost (experienced DsBe)
  5046 | D:6      | Found an iron altar of Okawaru.
  5046 | D:6      | Found a bloodstained altar of Trog.
  5113 | D:6      | Killed chequers' ghost
  5113 | D:6      | Reached XP level 9. HP: 71/80 MP: 6/6
  6072 | D:8      | Noticed Maurice
  6085 | D:8      | Killed Maurice
  6085 | D:8      | Reached skill level 5 in Dodging
  6128 | D:8      | Reached skill level 12 in Unarmed Combat
  6261 | D:8      | Found a staircase to the Lair.
  6261 | D:8      | Noticed an elephant
  6275 | D:8      | Killed an elephant
  6369 | D:8      | Reached XP level 10. HP: 69/88 MP: 11/11
  6914 | D:9      | Found a shadowy altar of Dithmenos.
  8050 | D:9      | Reached skill level 13 in Unarmed Combat
  8252 | Lair:1   | Entered Level 1 of the Lair of Beasts
  8268 | Lair:1   | Learned a level 2 spell: Repel Missiles
  8488 | Lair:1   | Reached skill level 5 in Invocations
  9309 | Lair:2   | Noticed Psyche
  9315 | Lair:2   | Reached XP level 11. HP: 90/94 MP: 13/13
  9343 | Lair:2   | Killed Psyche
  9469 | Lair:2   | Noticed a faun
  9492 | Lair:2   | Killed a faun
  9751 | Lair:2   | Reached skill level 14 in Unarmed Combat
 10141 | Lair:2   | Noticed Erica
 10150 | Lair:2   | Killed Erica
 10150 | Lair:2   | Reached skill level 5 in Throwing
 10820 | Lair:3   | Noticed a six-headed hydra
 10820 | Lair:3   | Noticed a four-headed hydra
 10821 | Lair:3   | Noticed an eight-headed hydra
 11559 | Lair:4   | Noticed Fiveotanaka's ghost (powerful DrAE)
 11575 | Lair:4   | Killed Fiveotanaka's ghost
 11699 | Lair:4   | Identified Stessia's Incunabulum of the Oath (You found it on level 4 of the Lair of Beasts)
 11980 | Lair:4   | Reached XP level 12. HP: 101/105 MP: 18/18
 12006 | Lair:4   | Found a staircase to the Swamp.
 12294 | Lair:5   | Noticed a six-headed hydra
 12631 | Lair:5   | Slain by a 11-headed hydra

Action                   |  1- 3 |  4- 6 |  7- 9 | 10-12 || total
-------------------------+-------+-------+-------+-------++-------
Melee: Unarmed           |   140 |    86 |   329 |   524 ||  1079
Throw: Stone             |       |     2 |    11 |    35 ||    48
 Cast: Repel Missiles    |       |       |       |     2 ||     2
Evoke: Wand              |       |       |     1 |       ||     1
  Use: Scroll            |     1 |       |     7 |     5 ||    13
       Potion            |     1 |       |     1 |       ||     2
 Stab: Sleeping          |     1 |     2 |     3 |     8 ||    14
       Distracted        |       |       |     2 |     3 ||     5
       Confused          |       |       |       |     1 ||     1
  Eat: Chunk             |    14 |    12 |    25 |    36 ||    87
       Beef jerky        |       |       |       |     1 ||     1
